 Dungeon Crawl Stone Soup version 0.28-a0-43-g560ac104fe (webtiles) character file.

Game seed: 2110617943878127802

66 robertstho the Magician (level 4, -1/31 HPs)
             Began as a Djinni Fire Elementalist on July 28, 2021.
             Slain by a gnoll (15 damage)
             ... on level 6 of the Dungeon.
             The game lasted 00:02:38 (2622 turns).

robertstho the Magician (Djinni Fire Elementalist)  Turns: 2622, Time: 00:02:38

Health: -1/31      AC:  2    Str:  7    XL:     4   Next: 37%
Gold:   59         EV: 12    Int: 17    God:
                   SH:  0    Dex: 14

rFire   + + .      SeeInvis .   i - +0 short sword
rCold   x . .      Faith    .   (no shield)
rNeg    . . .      Spirit   .   a - +0 robe
rPois   ∞          Reflect  .   (no helmet)
rElec   .          Harm     .   (no cloak)
rCorr   .          Rampage  .   (no gloves)
Will    .....                   (boots unavailable)
Stlth   ++........              (no amulet)
HPRegen 0.10/turn               (no ring)
MPRegen 0.00/turn               (no ring)

@: flying
A: sickness immunity, fire resistance 2, cold vulnerability 1, float, innate
caster, hp casting, extra vitality 1
a: no special abilities


You were on level 6 of the Dungeon.
You visited 1 branch of the dungeon, and saw 4 of its levels.

You collected 59 gold pieces.

Inventory:

Hand Weapons
 i - a +0 short sword (weapon)
Armour
 a - a +0 robe (worn)
Scrolls
 b - a scroll of immolation {unknown}
 d - a scroll of identify {unknown}
 e - a scroll of holy word {unknown}
 g - a scroll of fog {unknown}
Potions
 c - a potion of curing {unknown}
 f - a potion of attraction {unknown}
 h - a potion of ambrosia {unknown}


   Skills:
 + Level 2.4 Dodging
 + Level 1.8 Stealth
 + Level 3.6 Spellcasting


You couldn't memorise any spells.
You knew the following spells:

 Your Spells              Type           Power      Damage    Failure   Level
a - Foxfire               Conj/Fire      60%        2x1d7     3%          1
b - Conjure Flame         Conj/Fire      15%        6-21      11%         3
c - Inner Flame           Hex/Fire       15%        N/A       11%         3
d - Sticky Flame          Conj/Fire      15%        2d4       34%         4
e - Fireball              Conj/Fire      7%         3d5       69%         5
f - Shock                 Conj/Air       60%        1d6       3%          1
Your spell library was empty.

Dungeon Overview and Level Annotations

Branches:
Dungeon (3/15)

Altars:

Shops:
D:1 [


Innate Abilities, Weirdness & Mutations

You are immune to sickness and miasma.
You are immune to poison.
Your flesh is very heat resistant. (rF++)
You are vulnerable to cold. (rC-)
You float through the air rather than walking.
You learn spells naturally, not from books.
Your magical power is your life essence.
You have superior vitality. (+4 HP)


Message History

You conjure some foxfire!
The foxfire hits the centaur skeleton.
The centaur skeleton is heavily damaged.
The foxfire hits the centaur skeleton.
The centaur skeleton is heavily damaged.
The foxfire hits the centaur skeleton.
The centaur skeleton is heavily damaged.
Casting: Foxfire (safe; 3% risk of failure)
Press: ? - help, Q - select action, (/) - cycle Dir - look around, f - activate You conjure some foxfire!
The foxfire hits the centaur skeleton.
The centaur skeleton is severely damaged.
The centaur skeleton hits you. The centaur skeleton misses you.
Casting: Foxfire (safe; 3% risk of failure)
Press: ? - help, Q - select action, (/) - cycle Dir - look around, f - activate You conjure some foxfire!
The foxfire hits the centaur skeleton!
The centaur skeleton is almost destroyed.
The foxfire hits the gnoll.
The gnoll is heavily wounded.
The foxfire hits the gnoll.
The gnoll is severely wounded.
Unknown command.
Casting: Foxfire (safe; 3% risk of failure)
Press: ? - help, Q - select action, (/) - cycle Dir - look around, f - activate You conjure some foxfire!
The foxfire hits the gnoll.
The gnoll is lightly wounded.
The foxfire hits the gnoll.
The gnoll is moderately wounded.
The gnoll hits you with a +0 whip.
Casting: Foxfire (safe; 3% risk of failure)
Press: ? - help, Q - select action, (/) - cycle Dir - look around, f - activate You conjure some foxfire!
The foxfire hits the gnoll.
You kill the gnoll!
The foxfire hits the gnoll.
The gnoll is severely wounded.
The gnoll hits you from afar with a +0 halberd!
You die...

#..[.....#..#####
#........##.....#
#...........###.#
#.......##.# #.#
#.......##.###.#
#.......##.....#
.
#.§.....########
....##v§v....#
...Zgg)@§....#
.###g#.####### #
#. ##


You could see a gnoll shaman, 2 gnolls and a centaur skeleton.

Vanquished Creatures
  A gnoll (D:6)
  2 adders (D:2)
  A worm (D:2)
  A dart slug (D:2)
  4 ball pythons (D:1)
  4 bats
  4 endoplasms
  2 giant cockroaches
  3 goblins
  3 hobgoblins (D:2)
  2 jackals (D:1)
  6 kobolds
  2 quokkas
  5 rats
40 creatures vanquished.

Vanquished Creatures (others)
  229 foxfires
229 creatures vanquished.

Grand Total: 269 creatures vanquished

Notes
Turn   | Place    | Note
-------+----------+-------------------------------------------
     0 | D:1      | robertstho the Djinni Fire Elementalist began the quest for
                  | the Orb.
     0 | D:1      | Reached XP level 1. HP: 15/15 MP: 0/0
   296 | D:1      | Reached XP level 2. HP: 16/21 MP: 0/0
  1009 | D:1      | Reached skill level 3 in Spellcasting
  1167 | D:1      | Reached XP level 3. HP: 22/25 MP: 0/0
  1167 | D:1      | Learned a level 1 spell: Shock
  1242 | D:1      | Found Reimp's Antique Armour Shop.
  1988 | D:2      | Reached XP level 4. HP: 29/31 MP: 0/0
  2592 | D:3      | You are sucked into a shaft and drop 3 floors!
  2622 | D:6      | Slain by a gnoll

Illustrated notes

Levels and vault maps discovered:
D:1:      dpeg_arrival_orchard, layout_basic, serial_shops,
          nicolae_lakefront_shop
D:2:      layout_rooms, minivault_5
D:3:      minmay_inner_zag, layout_basic, minmay_misc_feat_nine_boxes,
          uniq_ijyb, uniq_jessica
D:6:      minmay_opposing_rooms, layout_basic, minmay_temple_entry_fiery

Skill      XL: |  1  2 |
---------------+-------+-----
Spellcasting   | 3 |  3.6
Dodging        | |  2.4
Stealth        | |  1.8

Action                   |  1- 3 |  4- 6 || total
-------------------------+-------+-------++-------
 Cast: Foxfire           |   100 |    38 ||   138
Armor: Robe              |     1 |       ||     1
Dodge: Dodged            |       |     1 ||     1

Table legend: (Time is in decaauts)
 A = Elapsed time spent in this place.
 B = Non-inter-level travel time spent in this place.
 C = Inter-level travel time spent in this place.
 D = Time resting spent in this place.
 E = Time spent auto-exploring this place.
 F = Levels seen in this place.
 G = Mean time per level.
                   A        B        C        D        E       F      G
               +--------+--------+--------+--------+--------+-----+--------+
         Total |   2620 |   2585 |     35 |      0 |   2359 |   4 |  655.0 |
       Dungeon |   2620 |   2585 |     35 |      0 |   2359 |   4 |  655.0 |
               +--------+--------+--------+--------+--------+-----+--------+

Top non-repeatable levels by time:
     D:1: 1340 daAuts
     D:2: 1197 daAuts
     D:3: 53 daAuts
     D:6: 29 daAuts
